 Dungeon Crawl Stone Soup version 0.29-a0-723-gce39da1c22 (webtiles) character file.

Game seed: 4935755245833201152

99205 marklar909 the Severer (level 15, -5/192 HPs)
             Began as a Palentonga Fighter on June 27, 2022.
             Was the Champion of Makhleb.
             Slain by Saint Roka
             ... wielding a +0 great mace of protection
              (20 damage)
             ... on level 2 of the Orcish Mines on June 28, 2022.
             The game lasted 01:22:23 (33672 turns).

marklar909 the Severer (Palentonga Fighter)        Turns: 33672, Time: 01:22:23

Health: -5/192     AC: 36    Str: 22    XL:     15   Next: 77%
Magic:  24/24      EV:  5    Int:  9    God:    Makhleb [******]
Gold:   2268       SH: 17    Dex: 14    Spells: 14/14 levels left

rFire   + . .      SeeInvis +   a - +2 war axe
rCold   x . .      Faith    .   w - +0 kite shield
rNeg    + + .      Spirit   .   q - +2 chain mail of Daisies {rPois rC- rN+ Will++}
rPois   +          Reflect  +   t - +2 helmet
rElec   .          Harm     .   P - +0 cloak {Stlth+}
rCorr   .          Rampage  .   d - +2 pair of gloves
Will    +++..                   F - +2 barding
Stlth   ..........              x - amulet of reflection
HPRegen 0.42/turn               Q - ring of protection from fire
MPRegen 0.19/turn               c - ring of positive energy

@: berserking, studying Invocations, curled up, very quick
A: large, rugged brown scales 3, see invisible, deformed body, roll 1, armoured
tail, reflexive curl
a: Rolling Charge, Renounce Religion, Minor Destruction, Lesser Servant of
Makhleb, Major Destruction, Greater Servant of Makhleb


You were on level 2 of the Orcish Mines.
You worshipped Makhleb.
Makhleb was exalted by your worship.
You visited 4 branches of the dungeon, and saw 22 of its levels.
You also visited: Bailey.

You collected 2268 gold pieces.

Inventory:

Hand Weapons
 a - a +2 war axe (weapon)
 J - the +3 mace of a volcano {flame, *Slow rC- Str+10}
   (You found it on level 5 of the Lair of Beasts)

   It burns those it strikes, dealing additional fire damage.
   Str:       It affects your strength (+10).
   rC:        It makes you vulnerable to cold.
   *Slow:     It may slow you when you take damage.
Missiles
 N - 2 throwing nets
Armour
 d - a +2 pair of gloves (worn)
 q - the +2 chain mail of Daisies (worn) {rPois rC- rN+ Will++}
   (You found it on level 5 of the Dungeon)

   rC:        It makes you vulnerable to cold.
   rPois:     It protects you from poison.
   rN:        It protects you from negative energy.
   Will:      It greatly increases your willpower.
 t - a +2 helmet (worn)
 w - a +0 kite shield (worn)
 F - a +2 barding (worn)
 P - a +0 cloak of stealth (worn)
Jewellery
 c - a ring of positive energy (right hand)
 l - a +6 ring of strength
 x - an amulet of reflection (around neck)
 C - an amulet of guardian spirit
 K - the ring of the Stallion {Contam +Blink Will++ rCorr SInv}
   (You found it on level 6 of the Lair of Beasts)

   [ring of see invisible]

   SInv:      It lets you see invisible.
   +Blink:    It lets you blink.
   Contam:    It causes magical contamination when unequipped.
   rCorr:     It protects you from acid and corrosion.
   Will:      It greatly increases your willpower.
 M - a ring of ice
 O - a ring of willpower
 Q - a ring of protection from fire (left hand)
 S - a ring of resist corrosion
 T - a ring of willpower
Wands
 b - a wand of charming (5)
 k - a wand of polymorph (13)
 A - a wand of acid (8)
 E - a wand of iceblast (3)
 I - a wand of flame (6)
 L - a wand of mindburst (8) (quivered)
 R - a wand of digging (7)
Scrolls
 f - 5 scrolls of amnesia
 g - 6 scrolls of magic mapping
 p - 3 scrolls of poison
 v - a scroll of fog
 y - 5 scrolls of teleportation
 B - 3 scrolls of blinking
 G - 6 scrolls of identify
 U - a scroll of fear
Potions
 e - 5 potions of brilliance
 h - 3 potions of magic
 i - 4 potions of mutation
 j - 5 potions of lignification
 m - 4 potions of curing
 n - a potion of heal wounds
 o - 3 potions of resistance
 r - 4 potions of cancellation
 s - 2 potions of might
 u - 2 potions of berserk rage
 z - 3 potions of flight
 H - 3 potions of haste
Miscellaneous
 D - a condenser vane (inert)


   Skills:
 + Level 11.9 Fighting
 + Level 16.2 Axes
 + Level 10.8 Armour
 + Level 4.8 Dodging
 + Level 2.1 Stealth
 + Level 11.5 Shields
 * Level 12.6 Invocations
 + Level 1.8 Evocations


You had 14 spell levels left.
You didn't know any spells.
Your spell library contained the following spells:

 Spells                   Type           Power      Damage    Failure   Level
 Apportation              Tloc           0%         N/A       99%         1
 Foxfire                  Conj/Fire      0%         2x1d4     99%         1
 Necrotize                Necr           0%         1d4       99%         1
 Slow                     Hex            0%         N/A       99%         1
 Summon Small Mammal      Summ           0%         N/A       99%         1
 Ensorcelled Hibernation  Hex/Ice        0%         N/A       99%         2
 Scorch                   Fire           0%         2d5       99%         2
 Confusing Touch          Hex            0%         N/A       100%        3
 Conjure Flame            Conj/Fire      0%         6-21      100%        3
 Gell's Gravitas          Tloc           0%         N/A       100%        3
 Inner Flame              Hex/Fire       0%         N/A       100%        3
 Lesser Beckoning         Tloc           0%         N/A       100%        3
 Ozocubu's Armour         Ice            0%         N/A       100%        3
 Spider Form              Tmut/Pois      0%         N/A       100%        3
 Teleport Other           Tloc           0%         N/A       100%        3
 Vampiric Draining        Necr           0%         2d6       100%        3
 Anguish                  Hex/Necr       0%         N/A       100%        4
 Animate Armour           Summ/Erth      0%         N/A       100%        4
 Flame Wave               Conj/Fire      0%         2d4       100%        4
 Fulminant Prism          Conj/Hex       0%         3d6       100%        4
 Hailstorm                Conj/Ice       0%         3d3       100%        4
 Ice Form                 Ice/Tmut       0%         N/A       100%        4
 Iskenderun's Mystic Bla  Conj/Tloc      0%         2d3       100%        4
 Leda's Liquefaction      Hex/Erth       0%         N/A       100%        4
 Blade Hands              Tmut           0%         N/A       100%        5
 Lee's Rapid Deconstruct  Erth           0%         3d5*      100%        5
 Metabolic Englaciation   Hex/Ice        0%         N/A       100%        5
 Iron Shot                Conj/Erth      0%         9d1       100%        6
 Simulacrum               Ice/Necr       0%         N/A       100%        6
 Starburst                Conj/Fire      0%         6d3       100%        6
 Statue Form              Tmut/Erth      0%         N/A       100%        6
 Summon Cactus Giant      Summ           0%         N/A       100%        6


Dungeon Overview and Level Annotations

Branches:
Dungeon (13/15)            Temple (1/1) D:5            Lair (6/6) D:8
 Shoals (0/4) Lair:4       Spider (0/4) Lair:2        Slime (0/5) Lair:5
    Orc (2/2) D:9             Elf (0/3) Orc:2        Bailey (visited)
 Vaults: D:13-14

Altars:
Ashenzari
Dithmenos
Elyvilon
Fedhas
Gozag
Hepliaklqana
Kikubaaqudgha
Makhleb
Nemelex Xobeh
Okawaru
Qazlal
Ru
Sif Muna
Trog
Uskayaw
Vehumet
Wu Jian
Xom
Yredelemnul
Zin
The Shining One
Beogh
Jiyva

Shops:
Orc:2 (?

Annotations:
D:12 1 runed translucent door, dolemite99's ghost, journeyman MiHu
Lair:6 exclusion: obsidian statue
Orc:2 Saint Roka


Innate Abilities, Weirdness & Mutations

You are completely covered in rugged brown scales. (AC +3, +7% HP)
You have supernaturally acute eyesight. (SInv)
Armour fits poorly on your strangely shaped body.
You can roll at nearby foes to attack.
You have a long armoured tail.
You curl defensively after being hit. (AC +7*)


Message History

Unknown command.
You feel much better.
Saint Roka hits you with a +0 great mace of protection!
* * * LOW HITPOINT WARNING * * *
A red film seems to cover your vision as you go berserk!
You feel yourself moving faster!
You feel mighty!
Saint Roka invokes the aid of Beogh against you.
Beogh smites you!
* * * LOW HITPOINT WARNING * * *
You slash Saint Roka!
You tail-slap Saint Roka, but do no damage.
Saint Roka is severely wounded.
You hit Saint Roka.
You tail-slap Saint Roka, but do no damage.
Saint Roka is almost dead.
Saint Roka barely misses you.
You closely miss Saint Roka.
Saint Roka is severely wounded.
You barely miss Saint Roka.
Saint Roka is severely wounded.
Saint Roka calls down the wrath of Beogh upon you.
Beogh smites you!
* * * LOW HITPOINT WARNING * * *
You slash Saint Roka! You tail-slap Saint Roka!!
Saint Roka is almost dead.
You hit Saint Roka but do no damage.
Saint Roka is almost dead.
Saint Roka invokes the aid of Beogh against you.
Beogh smites you!
* * * LOW HITPOINT WARNING * * *
You slash Saint Roka!
Saint Roka is almost dead.
You are too berserk!
You hit Saint Roka but do no damage.
You tail-slap Saint Roka, but do no damage.
Saint Roka is almost dead.
You hit Saint Roka but do no damage.
Saint Roka is almost dead.
Saint Roka hits you with a +0 great mace of protection!!
You die...

##############.....#.....#.))).
###......................[.#####.
#...##########...................
..### ##.................. .## #
#.................. .# #.
####................. ##
##'##8.#..)...........#.# #
.....))'o8..........##### #
8).).°.)@............#### #
.))...)[°8.>..........#.# ##
##'##8)#.).[............. .#
####................# .##
#........[......### ..###
##.....#..........#.
#...##########..#..####[.........
..#............######.#[.......#.
...##.#....#######.#..)........#.


You could see Saint Roka (drained).

Vanquished Creatures
  Kirke (Lair:6)
  Nessos (Lair:4)
  4 dire elephants (Lair:6)
  Josephine (D:10)
  Harold (D:9)
  A boulder beetle (D:11)
  Erolcha (D:9)
  3 hydras
  5 two-headed ogres
  6 centaur warriors
  3 tengu warriors
  6 death yaks
  An orc high priest (Orc:2)
  Urug (Lair:1)
  Nergalle (Lair:4)
  A spectral death yak (Lair:6)
  A fire crab (shapeshifter) (D:9)
  A spectral anaconda (Lair:6)
  An iron troll (D:12)
  2 deep trolls (D:12)
  A wizard (D:9)
  4 necromancers (Lair:6)
  2 orc sorcerers (Orc:2)
  A deep elf pyromancer (D:9)
  A wolf spider (shapeshifter) (D:9)
  2 cyclopes (D:13)
  2 ugly things
  A dire elephant zombie (Lair:6)
  2 manticores
  38 elephants
  4 black mambas
  An unseen horror (D:11)
  14 cane toads
  2 rime drakes
  A kobold demonologist (D:12)
  5 komodo dragons
  A yaktaur (shapeshifter) (D:13)
  11 trolls
  3 polar bears
  Prince Ribbit (D:9)
  18 blink frogs
  10 slime creatures (D:13)
  7 dream sheep (Lair:6)
  Sigmund (D:4)
  3 shadows
  2 vampires
  A hog (Lair:6)
  A spriggan (Lair:3)
  4 wyverns
  6 wraiths
  77 yaks
  Eustachio (D:4)
  3 fire bats (Lair:1)
  3 basilisks
  A steam dragon (Lair:4)
  A death yak simulacrum (Lair:6)
  3 spectral cane toads (Lair:6)
  2 wargs (Orc:2)
  Duvessa (D:4)
  17 water moccasins
  An acid dragon (D:10)
  4 ice beasts
  4 black bears
  26 orc warriors
  2 elephant zombies (Lair:6)
  7 ogres
  7 wolves
  8 centaurs
  An elephant skeleton (Lair:6)
  A phantom (D:5)
  3 kobold brigands
  5 gnoll sergeants
  7 bullfrogs
  6 scorpions
  2 necrophages (D:6)
  7 wights
  Dowan (D:4)
  4 killer bees (D:11)
  6 electric eels
  5 howler monkeys
  A lava snake (D:7)
  A hound (D:7)
  2 jellies (D:6)
  7 orc priests
  A gnoll shaman (D:9)
  11 orc wizards
  15 gnolls
  14 adders
  2 shadow imps
  2 white imps
  A howler monkey simulacrum (D:9)
  4 worms
  2 dart slugs
  54 orcs
  18 ball pythons
  3 bats
  4 endoplasms
  8 giant cockroaches
  8 goblins
  12 hobgoblins
  7 jackals
  6 quokkas
  3 frilled lizards
  23 kobolds
  17 rats
634 creatures vanquished.

Vanquished Creatures (collateral kills)
  3 dire elephants
  A boulder beetle (Lair:6)
  2 hydras
  A catoblepas (Lair:6)
  4 death yaks
  2 orc high priests (Orc:2)
  3 elephants
  A komodo dragon (Lair:2)
  A blink frog (Lair:3)
  4 yaks
  A warg (Orc:2)
  3 orc warriors (Orc:2)
  3 orc priests (Orc:2)
  An orc wizard (Orc:2)
  18 orcs (Orc:2)
  A goblin (Bailey)
49 creatures vanquished.

Vanquished Creatures (others)
  An orc high priest (Orc:2)
  Sonja (Lair:5)
  A wizard (D:9)
  An orc sorcerer (Orc:2)
  2 humans (Lair:6)
  4 orc warriors
  3 orcs (Orc:2)
  122 fungi
  99 plants
  24 withered plants (Lair:6)
258 creatures vanquished.

Grand Total: 941 creatures vanquished

Notes
Turn   | Place    | Note
-------+----------+-------------------------------------------
     0 | D:1      | marklar909 the Palentonga Fighter began the quest for the
                  | Orb.
     0 | D:1      | Reached XP level 1. HP: 19/19 MP: 1/1
   253 | D:1      | Reached XP level 2. HP: 16/25 MP: 2/2
   617 | D:1      | Found a faded altar of an unknown god.
   693 | D:1      | Reached XP level 3. HP: 25/31 MP: 3/3
  1243 | D:2      | Reached skill level 3 in Axes
  1338 | D:2      | Reached XP level 4. HP: 37/37 MP: 4/4
  2470 | D:3      | Noticed a scorpion
  2474 | D:3      | Killed a scorpion
  2475 | D:3      | Reached XP level 5. HP: 40/44 MP: 5/5
  2725 | D:3      | Found a bloodstained altar of Trog.
  2801 | D:3      | Reached skill level 4 in Axes
  3154 | D:4      | Noticed Duvessa
  3180 | D:4      | Killed Duvessa
  3181 | D:4      | Reached skill level 1 in Dodging
  3181 | D:4      | Reached XP level 6. HP: 7/51 MP: 6/6
  3182 | D:4      | Noticed Dowan
  3369 | D:4      | Noticed Sigmund
  3374 | D:4      | Killed Sigmund
  3543 | D:4      | Reached skill level 5 in Axes
  3543 | D:4      | Gained mutation: You curl defensively after being hit. (AC
                  | +7*) [Palentonga growth]
  3543 | D:4      | Reached XP level 7. HP: 51/57 MP: 7/7
  3550 | D:4      | Killed Dowan
  3759 | D:4      | Noticed Eustachio
  3784 | D:4      | Killed Eustachio
  4888 | D:5      | Entered Level 5 of the Dungeon
  4907 | D:5      | Reached skill level 6 in Axes
  5112 | D:5      | Found a staircase to the Ecumenical Temple.
  5129 | Temple   | Entered the Ecumenical Temple
  5396 | Temple   | Became a worshipper of Makhleb the Destroyer
  5491 | D:5      | Reached XP level 8. HP: 28/65 MP: 8/8
  5745 | D:5      | Identified the +2 chain mail of Daisies {rPois rC- rN+
                  | Will++}
  5751 | D:5      | Found a hazy altar of Hepliaklqana.
  5957 | D:6      | Reached skill level 5 in Fighting
  6055 | D:6      | Reached skill level 7 in Axes
  6442 | D:6      | Reached skill level 5 in Armour
  6626 | D:6      | Found a shimmering blue altar of Sif Muna.
  6626 | D:6      | Found a basalt altar of Yredelemnul.
  7078 | D:7      | Reached XP level 9. HP: 72/72 MP: 9/9
  7084 | D:7      | Reached skill level 8 in Axes
  7224 | D:7      | Reached * piety under Makhleb
  8143 | D:8      | Found an opulent altar of Gozag.
  8265 | D:8      | Found a flagged portal.
  8273 | Bailey   | Entered a bailey
  8282 | Bailey   | Noticed an orc warlord
  8338 | Bailey   | Reached skill level 9 in Axes
  8499 | Bailey   | Reached skill level 1 in Stealth
  8704 | Bailey   | Found a runed translucent gate.
  8705 | Bailey   | Found a runed translucent gate.
  8707 | Bailey   | Found a runed translucent gate.
  8919 | D:8      | Found a staircase to the Lair.
  9283 | D:8      | Found a shimmering altar of Xom.
  9408 | D:9      | Noticed Erolcha
  9469 | D:9      | Noticed a centaur warrior
  9469 | D:9      | Noticed a tengu warrior
  9729 | D:9      | Killed a centaur warrior
  9730 | D:9      | Reached XP level 10. HP: 44/82 MP: 10/10
  9737 | D:9      | Killed a tengu warrior
  9739 | D:9      | Noticed Harold
 10164 | D:9      | Reached skill level 5 in Shields
 10166 | D:9      | Killed Erolcha
 10167 | D:9      | Reached skill level 10 in Axes
 10171 | D:8      | Reached ** piety under Makhleb
 10182 | D:9      | Noticed a wizard
 10194 | D:9      | Killed a wizard
 10194 | D:9      | Noticed Prince Ribbit
 10506 | D:9      | Killed Prince Ribbit
 10506 | D:9      | Noticed a six-headed hydra
 10507 | D:9      | Reached skill level 11 in Axes
 10849 | D:9      | HP: 2/84 [orc warrior/+0 battleaxe (16)]
 10882 | D:9      | Reached XP level 11. HP: 20/89 MP: 11/11
 11219 | Lair:1   | Entered Level 1 of the Lair of Beasts
 11839 | Lair:1   | Reached skill level 1 in Invocations
 12153 | Lair:1   | Noticed Urug
 12163 | Lair:1   | Killed Urug
 12526 | Lair:2   | Found a hole to the Spider Nest.
 12657 | Lair:2   | Noticed a five-headed hydra
 12674 | Lair:2   | HP: 4/92 [five-headed hydra (9)]
 12683 | Lair:2   | Killed a five-headed hydra
 14602 | Lair:3   | Reached skill level 1 in Evocations
 14609 | Lair:3   | Reached *** piety under Makhleb
 14610 | Lair:3   | Reached skill level 12 in Axes
 14636 | Lair:3   | Noticed a death yak
 14636 | Lair:3   | Noticed a death yak
 14636 | Lair:3   | Noticed a death yak
 14900 | Lair:3   | Reached XP level 12. HP: 83/100 MP: 15/15
 15374 | Lair:3   | Reached skill level 5 in Invocations
 15954 | Lair:2   | Upgraded the game from 0.29-a0-721-g7f417c9bbb to
                  | 0.29-a0-723-gce39da1c22
 16405 | Lair:3   | Reached skill level 13 in Axes
 16604 | Lair:3   | Noticed a dire elephant
 16984 | Lair:3   | Killed a death yak
 16990 | Lair:3   | Killed a death yak
 16997 | Lair:3   | Killed a death yak
 17230 | Lair:3   | Killed a dire elephant
 17409 | Lair:3   | Reached XP level 13. HP: 92/108 MP: 17/17
 17591 | Lair:4   | Noticed Nessos
 17598 | Lair:4   | Killed Nessos
 17657 | Lair:4   | Noticed Nergalle
 17680 | Lair:4   | Killed Nergalle
 18056 | Lair:4   | Found a staircase to the Shoals.
 18118 | Lair:4   | Reached skill level 14 in Axes
 18254 | Lair:4   | Reached **** piety under Makhleb
 19131 | Lair:5   | Reached skill level 10 in Fighting
 19302 | Lair:5   | Found a staircase to the Slime Pits.
 19304 | Lair:5   | Identified the +3 mace of a volcano {flame, *Slow rC-
                  | Str+10}
 19455 | Lair:5   | Found a viscous altar of Jiyva.
 19800 | Lair:5   | Noticed Sonja
 19806 | Lair:5   | Killed Sonja
 20112 | Lair:6   | Entered Level 6 of the Lair of Beasts
 20913 | Lair:6   | Reached XP level 14. HP: 58/118 MP: 19/19
 22997 | Lair:6   | Noticed Kirke
 23029 | Lair:6   | Killed Kirke
 23030 | Lair:6   | Reached skill level 15 in Axes
 23197 | Lair:6   | Reached skill level 10 in Shields
 23745 | Lair:6   | Reached skill level 10 in Armour
 23756 | Lair:6   | Identified the ring of the Stallion {Contam +Blink Will++
                  | rCorr SInv}
 25169 | Lair:6   | Got Doehis's Catalogue of Destructive Clay
 25683 | D:9      | Killed Harold
 25684 | D:9      | Identified the +4 scimitar "Dihynev" {vamp, *Noise rPois
                  | rC+ rN+++}
 26519 | D:9      | Found a staircase to the Orcish Mines.
 26520 | D:9      | Reached ***** piety under Makhleb
 26873 | D:9      | Found a glowing silver altar of Zin.
 26954 | D:9      | Found a sacrificial altar of Ru.
 26954 | D:9      | Found a blossoming altar of Fedhas.
 26956 | D:9      | Found a sparkling altar of Nemelex Xobeh.
 27124 | D:10     | Entered Level 10 of the Dungeon
 27188 | D:10     | Reached skill level 10 in Invocations
 27250 | D:10     | Noticed Josephine
 27260 | D:10     | Killed Josephine
 27337 | D:10     | Reached XP level 15. HP: 126/127 MP: 22/22
 27737 | D:10     | Found a stormy altar of Qazlal.
 27760 | D:10     | Found an iron altar of Okawaru.
 29192 | D:12     | Found a runed translucent door.
 29192 | D:12     | Found a shimmering altar of Xom.
 29584 | D:12     | Reached skill level 16 in Axes
 29680 | D:12     | Noticed dolemite99's ghost (journeyman MiHu)
 31577 | Orc:1    | Entered Level 1 of the Orcish Mines
 31903 | Orc:2    | Entered Level 2 of the Orcish Mines
 32468 | Orc:2    | Found an iron altar of Okawaru.
 32801 | Orc:2    | Found a staircase to the Elven Halls.
 32872 | Orc:2    | Found Zeajucs's Magic Scroll Emporium.
 32885 | Orc:2    | Reached ****** piety under Makhleb
 33120 | Orc:2    | Found Burchu's Weapon Boutique.
 33641 | Orc:2    | Noticed Saint Roka
 33672 | Orc:2    | Slain by Saint Roka

Illustrated notes

Levels and vault maps discovered:
D:1:      dpeg_arrival_prison, layout_rooms, dreamdust_ecumenical_altar_grove,
          minmay_tall_x
D:2:      layout_loops_ring
D:3:      layout_loops_ring, nicolae_overflow_hidden_temple,
          chequers_serial_rivers_large_b
D:4:      layout_rooms, cheibrodos_sewer_entry_bend, minmay_snake_closets,
          uniq_duvessa, uniq_eustachio, uniq_sigmund
D:5:      layout_gridville, lemuel_doored_altar, minmay_temple_entry_waves
D:6:      layout_loops_cross, gammafunk_temple_overflow_elements
D:7:      layout_basic, grunt_decor_junction
D:8:      gammafunk_indiana_jones, layout_basic, grunt_gozag_statues,
          mainiacjoe_overflow_surrounded_room, chei_slow_surprise,
          lair_entry_dummy, enter_bailey_4, minivault_14
D:9:      minmay_cut_squares, layout_cross, minitemple,
          kennysheep_orc_monster_closet_entryway, minmay_misc_feat_more_columns,
          uniq_prince_ribbit1, uniq_erolcha, uniq_harold
D:10:     layout_irregular_city, kennysheep_mini_moat, kennysheep_mini,
          uniq_josephine
D:11:     layout_basic
D:12:     lemuel_troll_bridge, layout_irregular_city, ebering_ghost_xom
D:13:     layout_loops_ring
Temple:   compressed_dpeg_triangle_lava_temple
Lair:1:   layout_cave_pods, nicolae_volcano_entry_batcave, uniq_urug
Lair:2:   layout_regular_city, nicolae_spider_entry_non_spiders
Lair:3:   mu_elephants_graveyard, layout_cave_pods, grunt_megastairs_5,
          infiniplex_staircase_pool
Lair:4:   layout_big_grid, elwin_shoals_entry_rocks, gammafunk_lair_bear_cave,
          infiniplex_staircase_pool_2, uniq_nergalle, uniq_nessos
Lair:5:   layout_regular_city, slime_entry_1, portal_ice_cave_entry_pillars_1,
          uniq_sonja
Lair:6:   due_jungle_book, layout_loops_ring, serial_bayou_shore_b,
          grunt_megastairs_2, uniq_kirke
Orc:1:    layout_diamond_mine, serial_shops, basic_altar
Orc:2:    grunt_orc_community_town_hall, layout_caves,
          grunt_orc_community_big_house_1, grunt_orc_community_big_house_1,
          grunt_orc_community_house_3, grunt_orc_community_house_3,
          grunt_orc_community_house_1, grunt_orc_community_house_3,
          okawaru_metal_pillars_1_2

Skill      XL: |  1  2  3  4  5  6  7  8  9 10 11 12 13 14 15 |
---------------+----------------------------------------------+-----
Shields        | 3 4 6 7 8 9 10 11 | 11.5
Axes           | 3 4 5 6 7 9 11 12 13 14 15 16 | 16.2
Armour         | 3 4 5 6 7 8 9 10 | 10.8
Dodging        | 1 2 3 4 |  4.8
Fighting       | 4 5 6 7 8 9 10 11 | 11.9
Stealth        | 1 2 |  2.1
Invocations    | 4 6 7 10 12 | 12.6
Evocations     | 1 |  1.8

Action                   |  1- 3 |  4- 6 |  7- 9 | 10-12 | 13-15 || total
-------------------------+-------+-------+-------+-------+-------++-------
Melee: War axe           |   100 |   110 |   328 |   578 |  1506 ||  2622
       Tailslap          |     6 |    13 |    47 |   121 |   350 ||   537
Invok: Minor Destruction |       |       |       |    39 |    31 ||    70
       Lesser Servant of |       |       |       |     6 |    15 ||    21
       Major Destruction |       |       |       |       |     8 ||     8
       Greater Servant o |       |       |       |       |     1 ||     1
 Abil: Rolling Charge    |    14 |    21 |    32 |    23 |    95 ||   185
Evoke: Wand              |       |       |     3 |     3 |    69 ||    75
       Condenser vane    |       |       |       |       |     3 ||     3
  Use: Scroll            |     4 |     5 |     9 |     6 |    14 ||    38
       Potion            |       |     4 |     2 |     8 |     2 ||    16
 Stab: Distracted        |       |       |       |     1 |     7 ||     8
       Petrified         |       |       |       |       |    10 ||    10
Armor: Scale mail        |    55 |    44 |    74 |       |       ||   173
       Skin              |       |     3 |       |       |       ||     3
       Chain mail        |       |       |    87 |   363 |   766 ||  1216
Dodge: Dodged            |    27 |    31 |   107 |   192 |   204 ||   561
Block: Buckler           |    18 |    24 |    97 |   184 |       ||   323
       Reflection        |       |       |     8 |     9 |    34 ||    51
       Kite shield       |       |       |       |   265 |  1046 ||  1311

Table legend: (Time is in decaauts)
 A = Elapsed time spent in this place.
 B = Non-inter-level travel time spent in this place.
 C = Inter-level travel time spent in this place.
 D = Time resting spent in this place.
 E = Time spent auto-exploring this place.
 F = Levels seen in this place.
 G = Mean time per level.
                   A        B        C        D        E       F      G
               +--------+--------+--------+--------+--------+-----+--------+
         Total |  33666 |  30968 |   2698 |   9566 |  15989 |  23 | 1463.7 |
       Dungeon |  16599 |  15270 |   1329 |   4160 |   8778 |  13 | 1276.8 |
        Temple |    115 |      3 |    112 |      0 |      0 |   1 |  115.0 |
          Lair |  14277 |  13380 |    897 |   4650 |   6316 |   6 | 2379.5 |
  Orcish Mines |   2055 |   1696 |    359 |    501 |    729 |   2 | 1027.5 |
        Bailey |    619 |    619 |      0 |    255 |    165 |   1 |  619.0 |
               +--------+--------+--------+--------+--------+-----+--------+

Top non-repeatable levels by time:
  Lair:6: 3247 daAuts
  Lair:5: 3047 daAuts
  Lair:2: 2818 daAuts
     D:8: 2488 daAuts
  Lair:3: 2257 daAuts
     D:4: 1801 daAuts
     D:9: 1658 daAuts
  Lair:1: 1581 daAuts
  Lair:4: 1325 daAuts
    D:13: 1295 daAuts
    D:12: 1228 daAuts
   Orc:2: 1217 daAuts
     D:6: 1215 daAuts
     D:3: 1135 daAuts
    D:11: 1118 daAuts
